 Dungeon Sprint DCSS version 0.28-a0-1412-gf95308ed99 (webtiles) character file.

Game seed: 3734226584570446750

546 brmiller01 the Basher (level 7, -6/71 HPs)
             Began as a Minotaur Berserker on Jan 6, 2022.
             Was a Believer of Trog.
             Mangled by a sixfirhy (9 damage)
             ... summoned by a kobold demonologist
             ... in the Dungeon (Sprint I: "Red Sonja").
             The game lasted 00:01:45 (178 turns).

brmiller01 the Basher (Minotaur Berserker)           Turns: 178, Time: 00:01:47

Health: -6/71      AC:  8    Str: 24    XL:     7   Next: 6%
Magic:  6/6        EV: 10    Int:  4    God:    Trog [**....]
Gold:   270        SH:  0    Dex:  9    Spells: 6/6 levels left

rFire   . . .      SeeInvis .   a - +0 mace
rCold   . . .      Faith    .   (no shield)
rNeg    . . .      Spirit   .   j - +0 scale mail
rPois   .          Reflect  .   (helmet restricted)
rElec   .          Harm     .   (no cloak)
rCorr   .          Rampage  .   (no gloves)
Will    .....      NoTele   +   (no boots)
Stlth   ..........              (no amulet)
HPRegen 0.21/turn               (no ring)
MPRegen 0.10/turn               (no ring)

@: no status effects
A: horns 2, retaliatory headbutt
a: Renounce Religion, Berserk, Trog's Hand


You were in the Dungeon.
You worshipped Trog.
Trog was pleased with you.
You visited 1 branch You collected 270 gold pieces.

Inventory:

Hand Weapons
 a - a +0 mace (weapon)
 k - a +0 scythe
Armour
 j - a +0 scale mail (worn)
Wands
 b - a wand of polymorph (7)
 i - a wand of paralysis (10)
Scrolls
 h - a scroll of blinking
Potions
 c - a potion of curing
 d - a potion of heal wounds
 e - a potion of haste
 f - 2 potions of magic
 g - a potion of berserk rage


   Skills:
 + Level 9.8 Fighting
 * Level 13.2 Maces & Flails
 + Level 9.4 Armour
 - Level 2.1 Dodging


You had 6 spell levels left.
You didn't know any spells.
Your spell library was empty.

Dungeon Overview and Level Annotations

Branches:
Dungeon (1/1)

Altars:
Makhleb
Xom
Jiyva
Lugonu


Innate Abilities, Weirdness & Mutations

You have a pair of horns on your head.
You reflexively headbutt those who attack you in melee.


Message History

You hit the floating eye. You headbutt the floating eye.
The floating eye is almost dead.
The kobold demonologist mumbles some strange words.
The kobold demonologist hits you but does no damage.
You hit the floating eye.
You kill the floating eye!
Trog accepts your kill. The sixfirhy barely misses you.
You furiously retaliate!
You headbutt the sixfirhy!
The kobold demonologist casts a spell.
Your Maces & Flails skill increases to level 13!
You have reached level 7!
You hit the kobold demonologist.
The kobold demonologist is lightly wounded.
The sixfirhy barely misses you. You furiously retaliate!
You headbutt the sixfirhy! The sixfirhy hits you. The sixfirhy shocks you!
The sixfirhy hits you. The sixfirhy shocks you!
The orange demon stings you from afar.
The kobold demonologist hits you with a +0 dagger.
You closely miss the kobold demonologist.
The kobold demonologist is lightly wounded.
The white imp barely misses you. The orange demon stings you from afar.
You hit the kobold demonologist but do no damage.
The kobold demonologist is lightly wounded.
The kobold demonologist completely misses you.
The white imp gestures at you. The puff of frost hits you.
The orange demon misses you.
You closely miss the kobold demonologist.
The kobold demonologist is lightly wounded.
The kobold demonologist hits you but does no damage.
The white imp barely misses you. You furiously retaliate!
You headbutt the white imp.
You hit the kobold demonologist but do no damage.
The kobold demonologist is lightly wounded.
The sixfirhy hits you! The sixfirhy shocks you!
* * * LOW HITPOINT WARNING * * *
The sixfirhy hits you!
* * * LOW HITPOINT WARNING * * *
The sixfirhy shocks you!
You die...

#####################
.)..#.['..#__#.5@3K5#
.#..'..#..'..'..#K4.#
###'#####+#__####54.+
#..# #### #### ####


You could see an orange demon (summoned), 2 kobold demonologists, a sixfirhy
(summoned), a chaos spawn (summoned), a quasit (summoned) and 2 white imps.

Vanquished Creatures
  A slime creature (D)
  Sigmund (D)
  A floating eye (D)
  An ogre (D)
  Ijyb (D)
5 creatures vanquished.

Notes
Turn   | Place    | Note
-------+----------+-------------------------------------------
     0 | D        | brmiller01 the Minotaur Berserker began the quest for the
                  | Orb.
     0 | D        | Reached XP level 1. HP: 19/19 MP: 0/0
     2 | D        | Noticed Ijyb
     8 | D        | Killed Ijyb
     9 | D        | Reached skill level 5 in Fighting
     9 | D        | Reached skill level 6 in Maces & Flails
     9 | D        | Reached XP level 2. HP: 29/29 MP: 1/1
    30 | D        | Noticed an ogre
    33 | D        | Killed an ogre
    34 | D        | Reached skill level 8 in Maces & Flails
    34 | D        | Reached XP level 3. HP: 38/38 MP: 2/2
    34 | D        | Reached XP level 4. HP: 45/45 MP: 3/3
    47 | D        | Noticed Sigmund
    58 | D        | Killed Sigmund
    58 | D        | Reached ** piety under Trog
    59 | D        | Reached skill level 11 in Maces & Flails
    59 | D        | Reached XP level 5. HP: 55/55 MP: 4/4
    59 | D        | Reached XP level 6. HP: 62/62 MP: 5/5
    72 | D        | Found a burning altar of Makhleb.
    72 | D        | Found a shimmering altar of Xom.
    72 | D        | Noticed a slime creature
    73 | D        | Found a viscous altar of Jiyva.
    73 | D        | Found a corrupted altar of Lugonu.
    80 | D        | Killed a slime creature
    81 | D        | Reached skill level 12 in Maces & Flails
   166 | D        | Noticed a kobold demonologist
   166 | D        | Noticed a floating eye
   166 | D        | Noticed a kobold demonologist
   167 | D        | Paralysed by a floating eye for 4 turns
   171 | D        | Noticed a chaos spawn
   172 | D        | Noticed a sixfirhy
   173 | D        | Noticed an orange demon
   173 | D        | Killed a floating eye
   174 | D        | Reached skill level 13 in Maces & Flails
   174 | D        | Reached XP level 7. HP: 71/71 MP: 6/6
   178 | D        | HP: 3/71 [sixfirhy[a kobold demonologist] (9)]
   178 | D        | Mangled by a sixfirhy

Illustrated notes

Levels and vault maps discovered:
D:        dungeon_sprint_1 [red_sonja_temple_1, red_sonja_temple_small_1]

Skill      XL: |  1  2  3  4  5  6 |
---------------+-------------------+-----
Fighting       | 5 6 8 9 |  9.8
Maces & Flails | 6 8 11 13 | 13.2
Armour         | 4 6 7 9 |  9.4
Dodging        | |  2.1

Action                   |  1- 3 |  4- 6 |  7- 9 || total
-------------------------+-------+-------+-------++-------
Melee: Mace              |     6 |    14 |     5 ||    25
       Headbutt          |     2 |     4 |       ||     6
       Unarmed           |       |     4 |       ||     4
Invok: Berserk           |     1 |       |       ||     1
Armor: Scale mail        |     1 |     5 |     1 ||     7
Dodge: Dodged            |     1 |     3 |     5 ||     9

Table legend: (Time is in decaauts)
 A = Elapsed time spent in this place.
 B = Non-inter-level travel time spent in this place.
 C = Inter-level travel time spent in this place.
 D = Time resting spent in this place.
 E = Time spent auto-exploring this place.
 F = Levels seen in this place.
 G = Mean time per level.
                   A        B        C        D        E       F      G
               +--------+--------+--------+--------+--------+-----+--------+
         Total |    184 |    184 |      0 |      0 |     85 |   1 |  184.0 |
       Dungeon |    184 |    184 |      0 |      0 |     85 |   1 |  184.0 |
               +--------+--------+--------+--------+--------+-----+--------+

Top non-repeatable levels by time:
       D: 184 daAuts
